 Dungeon Crawl Stone Soup version 0.29.1-1-gd02db6906a (webtiles) character file.

Game seed: 14558538369225503973

2 mcbry74 the Vexing (level 1, 0/17 HPs)
             Began as a Gnoll Arcane Marksman on Sept 15, 2022.
             Slain by a hobgoblin (5 damage)
             ... on level 2 of the Dungeon.
             The game lasted 00:03:41 (317 turns).

mcbry74 the Vexing (Gnoll Arcane Marksman)           Turns: 317, Time: 00:03:42

Health: 0/17       AC:  2    Str:  9    XL:     1   Next: 30%
Magic:  4/4        EV: 13    Int: 12    God:
Gold:   38         SH:  0    Dex: 12    Spells: 4/5 levels left

rFire   . . .      SeeInvis .   a - +1 sling
rCold   . . .      Faith    .   (no shield)
rNeg    . . .      Spirit   .   c - +0 robe
rPois   .          Reflect  .   (no helmet)
rElec   .          Harm     .   (no cloak)
rCorr   .          Rampage  .   (no gloves)
Will    .....                   (no boots)
Stlth   +.........              (no amulet)
HPRegen 0.05/turn               (no ring)
MPRegen 0.09/turn               (no ring)

@: no status effects
A: fangs 1, strong nose, distributed training
a: no special abilities


You were on level 2 of the Dungeon.
You visited 1 branch of the dungeon, and saw 2 of its levels.

You collected 38 gold pieces.

Inventory:

Hand Weapons
 a - a +1 sling (weapon)
Armour
 c - a +0 robe (worn)
 g - a +0 leather armour
 m - a +0 pair of gloves
Scrolls
 b - a scroll of poison
 f - a scroll of magic mapping {unknown}
 h - a scroll of teleportation {unknown}
 i - a scroll of identify {unknown}
 k - a scroll of amnesia {unknown}
Potions
 d - a potion of might {unknown}
 e - a potion of flight {unknown}
 j - 2 potions of curing {unknown}
 l - a potion of magic {unknown}


   Skills:
 + Level 2.3 Fighting
 + Level 0.0 Short Blades
 + Level 0.0 Long Blades
 + Level 0.0 Axes
 + Level 0.0 Maces & Flails
 + Level 0.0 Polearms
 + Level 0.0 Staves
 + Level 4.4 Ranged Weapons
 + Level 0.0 Throwing
 + Level 0.0 Armour
 + Level 4.4 Dodging
 + Level 0.0 Stealth
 + Level 0.0 Shields
 + Level 0.0 Unarmed Combat
 + Level 2.6 Spellcasting
 + Level 0.0 Conjurations
 + Level 5.3 Hexes
 + Level 0.0 Summonings
 + Level 0.0 Necromancy
 + Level 0.0 Translocations
 + Level 0.0 Transmutations
 + Level 0.0 Fire Magic
 + Level 0.0 Ice Magic
 + Level 0.0 Air Magic
 + Level 0.0 Earth Magic
 + Level 0.0 Poison Magic
 + Level 0.1 Invocations
 + Level 0.0 Evocations


You had 4 spell levels left.
You knew the following spells:

 Your Spells              Type           Power      Damage    Failure   Level
a - Slow                  Hex            56%        N/A       2%          1

Your spell library contained the following spells:

 Spells                   Type           Power      Damage    Failure   Level
 Inner Flame              Hex/Fire       8%         N/A       26%         3
 Portal Projectile        Hex/Tloc       16%        N/A       26%         3
 Cause Fear               Hex            7%         N/A       28%         4


Dungeon Overview and Level Annotations

Branches:
Dungeon (2/15)

Altars:

Annotations:
D:2 Sigmund


Innate Abilities, Weirdness & Mutations

You have very sharp teeth.
Your uncanny sense of smell can sniff out nearby items.
Your experience applies equally to all skills.


Message History

Press: ? - help, Shift-Dir - straight line, f/p - quokka
Aim: a quokka (severely wounded, chance to affect: 71%)
The quokka struggles to resist.
The quokka bites you but does no damage.
Casting: Slow (safe; 2% risk of failure)
Confirm with . or Enter, or press ? or * to list all spells.
Aiming: Slow (safe; 2% risk of failure)
Press: ? - help, Shift-Dir - straight line, f/p - quokka
Aim: a quokka (heavily wounded, chance to affect: 71%)
The quokka seems to slow down.
The quokka closely misses you.
Found a lumpy orange potion.
An adder comes into view.
The adder hisses angrily.
The adder barely misses you. x2
The adder bites you but does no damage. The adder attacks as you move away!
The adder barely misses you. The adder bites you.
Casting: Slow (safe; 2% risk of failure)
Confirm with . or Enter, or press ? or * to list all spells.
Aiming: Slow (safe; 2% risk of failure)
Press: ? - help, Shift-Dir - straight line, f/p - quokka
Aim: a quokka (lightly wounded, slow, chance to affect: 71%)
The adder seems to slow down.
A rat comes into view.
Found a robe.
The quokka is no longer moving slowly.
Sigmund and a hobgoblin come into view.
Sigmund shouts!
The hobgoblin shouts!
The rat misses you. The rat attacks as you move away!
The rat bites you but does no damage. The hobgoblin hits you.
Sigmund mumbles some strange words.
Sigmund flickers and vanishes!
Deactivating autopickup; reactivate with Ctrl-A.
The rat attacks as you move away! The rat misses you.
Something barely misses you. The hobgoblin attacks as you move away!
The hobgoblin hits you.
* * * LOW HITPOINT WARNING * * *
The hobgoblin attacks as you move away! The hobgoblin misses you.
The hobgoblin attacks as you move away! The hobgoblin hits you.
You die...

##............##
##..##.####### ##.##.#
#..#.# .## #####...# ...# ##
#.......# #..##....####..#
##.....#######.#
...............@## #####
....#..########g.####...##
## #......rS.r.....##.....##
..###.##.########..#.......#
......##.##### ##.........#
.............# #.........#
.....#.......# #........##
.............# ###.......#
...........[.# #.......#


You could see a hobgoblin.

Vanquished Creatures
  A hobgoblin (D:1)
  A rat (D:2)
2 creatures vanquished.

Notes
Turn   | Place    | Note
-------+----------+-------------------------------------------
     0 | D:1      | mcbry74 the Gnoll Arcane Marksman began the quest for the
                  | Orb.
     0 | D:1      | Reached XP level 1. HP: 17/17 MP: 4/4
   205 | D:1      | You fall into a shaft and drop 1 floor!
   302 | D:2      | Noticed Sigmund
   317 | D:2      | Slain by a hobgoblin

Illustrated notes

Levels and vault maps discovered:
D:1:      minmay_arrival_wavy_path, layout_basic, serial_forest,
          infiniplex_forest_clump_small, infiniplex_forest_clump_curved,
          infiniplex_forest_end_2, infiniplex_forest_end_2,
          infiniplex_forest_clump_long, infiniplex_forest_diagonal,
          chequers_ecumenical_altar_simple_redux, minmay_box_of_dots
D:2:      layout_rooms, serial_shops, shop_coins, kennysheep_generic_room_8,
          uniq_sigmund

Action                   || total
-------------------------++-------
 Fire: Sling             ||    12
 Cast: Slow              ||     7
Armor: Robe              ||     3
Dodge: Dodged            ||    15
